 Dungeon Crawl Stone Soup version 0.29.1-2-gbd0b4ee654 (webtiles) character file.

Game seed: 2866687784962272296

737 MisterFreud the Twirler (level 8, -6/56 HPs)
             Began as a Formicid Gladiator on Oct 27, 2022.
             Mangled by a troll (10 damage)
             ... on level 9 of the Dungeon.
             The game lasted 00:05:57 (5025 turns).

MisterFreud the Twirler (Formicid Gladiator)        Turns: 5025, Time: 00:05:57

Health: -6/56      AC: 14    Str: 22    XL:     8   Next: 4%
Magic:  8/8        EV:  7    Int:  7    God:
Gold:   288        SH: 10    Dex: 15    Spells: 7/7 levels left

rFire   . . .      SeeInvis +   a - +2 quarterstaff
rCold   . . .      Faith    .   l - +0 kite shield
rNeg    . . .      Spirit   .   j - +1 chain mail
rPois   .          Reflect  .   (helmet unavailable)
rElec   .          Harm     .   k - scarf {repulsion}
rCorr   .          Rampage  .   (no gloves)
Will    +....                   (no boots)
Stlth   ..........              (no amulet)
HPRegen 0.18/turn               m - +4 ring of protection
MPRegen 0.11/turn               e - ring of willpower

@: repel missiles
A: permanent stasis, dig shafts and tunnels, antennae 3, four strong arms
a: Dig, Shaft Self


You were on level 9 of the Dungeon.
You visited 1 branch of the dungeon, and saw 10 of its levels.

You collected 288 gold pieces.

Inventory:

Hand Weapons
 a - a +2 quarterstaff (weapon)
Missiles
 c - a throwing net
 d - a javelin
 h - 3 poisoned darts (quivered)
 o - 7 boomerangs
Armour
 b - a +0 leather armour
 j - a +1 chain mail (worn)
 k - a scarf of repulsion (worn)
 l - a +0 kite shield (worn)
Jewellery
 e - a ring of willpower (right hand)
 i - a +6 ring of intelligence
 m - a +4 ring of protection (left hand)
Wands
 g - a wand of roots (13)
 r - a wand of mindburst (23)
Scrolls
 n - a scroll of amnesia {unknown}
Potions
 f - 2 potions of curing
 q - 2 potions of might {unknown}
 s - a potion of degeneration {unknown}
 t - a potion of haste {unknown}


   Skills:
 - Level 2.1 Fighting
 - Level 6.0 Staves
 - Level 2.0 Throwing
 + Level 4.6 Armour
 - Level 2.6 Dodging
 + Level 5.9 Shields


You had 7 spell levels left.
You didn't know any spells.
Your spell library contained the following spells:

 Spells                   Type           Power      Damage    Failure   Level
 Sandblast                Erth           0%         2d4       100%        1
 Passwall                 Tmut/Erth      0%         N/A       100%        2
 Stone Arrow              Conj/Erth      0%         3d7       100%        3


Dungeon Overview and Level Annotations

Branches:
Dungeon (10/15)
 Temple: D:4-7         Lair: D:8-11         Orc: D:9-12

Altars:
Cheibriados

Shops:
D:5 :[   D:8 [

Annotations:
D:5 3 runed translucent doors, ioannis32's ghost, novice DsBe


Innate Abilities, Weirdness & Mutations

You cannot be hasted, slowed, berserked, paralysed or teleported.
You can dig through walls and to a lower floor.
You have a pair of large antennae on your head. (SInv)
Your four strong arms can wield two-handed weapons with a shield.


Message History

You block the troll's attack. The troll claws you but does no damage.
You block the troll's attack.
Throw: 3 throwing nets
Press: ? - help, Shift-Dir - straight line, f/p - troll
Aim: a troll (lightly wounded, 60% to hit)
You throw a throwing net. The throwing net hits the troll.
The troll is caught in the net!
The troll is lightly wounded.
The troll struggles against the net.
Unknown command.
You hit the troll.
The troll is moderately wounded.
The troll struggles against the net.
You hit the troll.
The troll is moderately wounded.
The troll struggles against the net.
You hit the troll.
The troll is moderately wounded.
The troll struggles against the net.
You sock the troll!
The troll is severely wounded.
The troll struggles against the net.
You sock the troll!
The troll is almost dead.
The troll struggles against the net.
The net rips apart, and the troll comes free!
You closely miss the troll.
The troll is severely wounded.
The troll bites you. The troll claws you but does no damage.
You block the troll's attack. x2; The troll claws you. x2
* * * LOW HITPOINT WARNING * * *
Throw: 2 throwing nets
Press: ? - help, Shift-Dir - straight line, f/p - troll
Aim: a troll (severely wounded, 60% to hit)
You throw a throwing net.
The throwing net barely misses the troll.
The troll bites you!
* * * LOW HITPOINT WARNING * * *
The troll claws you!
You die...

{ # .# (# #######+###
#.#####
#.........#####.(....#
#.........'...#T......
+.........###.@......#
#>........# ###......#
#.........# ......#
########### #######


You could see a troll.

Vanquished Creatures
  Sigmund (D:5)
  A sky beast (D:7)
  A centaur (D:8)
  2 scorpions (D:5)
  A hound (D:5)
  A jelly (D:5)
  2 iguanas
  An orc wizard (D:3)
  7 adders
  A white imp (D:5)
  A worm (D:3)
  2 dart slugs
  10 orcs
  7 ball pythons
  4 endoplasms
  2 giant cockroaches
  2 hobgoblins
  2 quokkas
  6 bats
  5 frilled lizards
  8 goblins
  4 kobolds
  4 rats
75 creatures vanquished.

Vanquished Creatures (others)
  A fungus (D:5)
  3 plants (D:5)
4 creatures vanquished.

Grand Total: 79 creatures vanquished

Notes
Turn   | Place    | Note
-------+----------+-------------------------------------------
     0 | D:1      | MisterFreud the Formicid Gladiator began the quest for the
                  | Orb.
     0 | D:1      | Reached XP level 1. HP: 16/16 MP: 1/1
    56 | D:1      | Found a faded altar of an unknown god.
   284 | D:1      | Reached XP level 2. HP: 22/22 MP: 2/2
   946 | D:2      | Reached skill level 4 in Staves
   946 | D:2      | Reached XP level 3. HP: 26/27 MP: 3/3
  1693 | D:3      | Reached XP level 4. HP: 32/33 MP: 4/4
  1789 | D:3      | Reached skill level 5 in Staves
  1794 | D:3      | You fall into a shaft and drop 1 floor!
  2073 | D:3      | Reached XP level 5. HP: 32/38 MP: 5/5
  2288 | D:3      | Found a snail-covered altar of Cheibriados.
  3291 | D:4      | Reached skill level 1 in Shields
  3427 | D:5      | Entered Level 5 of the Dungeon
  3471 | D:5      | Noticed Sigmund
  3479 | D:5      | Found a runed translucent gate.
  3479 | D:5      | Found a runed translucent gate.
  3479 | D:5      | Found a runed translucent gate.
  3513 | D:5      | Killed Sigmund
  3514 | D:5      | Reached skill level 6 in Staves
  3514 | D:5      | Reached XP level 6. HP: 19/44 MP: 6/6
  3717 | D:5      | Found Ninurta's Dragon-Slaying Spoils.
  3762 | D:5      | Noticed ioannis32's ghost (novice DsBe)
  3802 | D:5      | Reached XP level 7. HP: 42/50 MP: 7/7
  4299 | D:5      | You fall into a shaft and drop 3 floors!
  4458 | D:8      | Found Samyleh's Armour Boutique.
  4485 | D:8      | Reached skill level 5 in Shields
  4603 | D:7      | Reached XP level 8. HP: 49/56 MP: 8/8
  4626 | D:7      | Noticed a green ugly thing
  4645 | D:5      | Found Taufuwn's Book Emporium.
  4656 | D:5      | You fall into a shaft and drop 3 floors!
  4770 | D:8      | You fall into a shaft and drop 2 floors!
  4770 | D:10     | Entered Level 10 of the Dungeon
  5006 | D:9      | Noticed a troll
  5025 | D:9      | Mangled by a troll

Illustrated notes

Levels and vault maps discovered:
D:1:      heliophobic_arrival_enchanted_forest, layout_basic,
          ebering_ecumenical_altar_rust
D:2:      minmay_alternating_diamond, layout_loops_ring, grunt_ministairs_2
D:3:      layout_rooms, mainiacjoe_overflow_alcove_2
D:4:      layout_basic, minmay_stone_trees_medium
D:5:      layout_rooms, led_sif_book, gammafunk_ghost_nasty_kobolds,
          serial_shops, shop, minivault_1, nicolae_shop_dragon_depot,
          uniq_sigmund, uniq_crazy_yiuf_cottage, uniq_duvessa,
          uniq_prince_ribbit1
D:6:      layout_basic, hangedman_ru_absence, dk_yredelemnul_ordeal,
          makhleb_blood_cavern_becter, minmay_temple_entry_nine_rooms,
          uniq_maggie, uniq_grinder
D:7:      layout_cave_pools, nemelex_dance_club_becter
D:8:      layout_basic, gammafunk_ghost_ooze, serial_shops,
          nicolae_shop_window_shopping
D:9:      layout_roguey, vehumet_crystals, david_lair_shrubbed, enter_bailey_5,
          minmay_statue_crystal_thing, uniq_amaemon, uniq_maurice, uniq_psyche
D:10:     layout_stronghold, lemuel_coloured_pillars_altar, hiddenorc1_lemuel,
          ebering_ghost_disaster_area, nicolae_blasting_shop, uniq_erica

Skill      XL: |  1  2  3  4  5  6  7 |
---------------+----------------------+-----
Staves         | 4 5 6 |  6.0
Shields        | 3 5 |  5.9
Armour         | 2 4 |  4.6
Fighting       | |  2.1
Throwing       | |  2.0
Dodging        | |  2.6

Action                   |  1- 3 |  4- 6 |  7- 9 || total
-------------------------+-------+-------+-------++-------
Melee: Quarterstaff      |    84 |   128 |    91 ||   303
       Punch             |       |     1 |       ||     1
Throw: Dart              |       |       |     3 ||     3
       Throwing net      |       |       |     2 ||     2
 Abil: Shaft Self        |       |     1 |     3 ||     4
  Use: Scroll            |     4 |    11 |       ||    15
       Potion            |       |     2 |       ||     2
Armor: Leather armour    |     2 |       |       ||     2
       Chain mail        |    44 |    54 |    46 ||   144
Dodge: Dodged            |    46 |    43 |    28 ||   117
Block: Kite shield       |       |    23 |    55 ||    78
